 Seeded DCSS version 0.30.0-5-g1a98f26d00 (webtiles) character file.

Game seed: 16444453144695360318 (custom seed)

11835 GigaChad the Cleaver (level 12, 0/94 HPs)
             Began as a Formicid Fighter on May 13, 2023.
             Was an Initiate of Gozag.
             Slain by a vampire mosquito (7 damage)
             ... on level 12 of the Dungeon.
             The game lasted 00:13:47 (10157 turns).

GigaChad the Cleaver (Formicid Fighter)            Turns: 10157, Time: 00:13:48

Health: 0/94       AC: 20    Str: 25    XL:     12   Next: 12%
Magic:  12/12      EV:  5    Int:  9    God:    Gozag
Gold:   588        SH: 21    Dex: 13    Spells: 11/11 levels left

rFire   . . .        i - +4 battleaxe (flame)
rCold   . . .        z - +0 tower shield
rNeg    . . .        M - +1 plate armour {Will+}
rPois   .            (helmet unavailable)
rElec   .            s - +1 cloak
rCorr   .            (no gloves)
SInv    +            O - +2 pair of boots
Will    ++...        D - amulet of reflection Stlth
                     (no ring)
HPRegen 0.35/turn    (no ring)
MPRegen 0.13/turn

%: reflection
@: gold aura
A: permanent stasis, dig shafts and tunnels, antennae 3, four strong arms
a: Dig, Shaft Self, Renounce Religion, Potion Petition, Call Merchant, Bribe
Branch


You were on level 12 of the Dungeon.
You worshipped Gozag.
Gozag was pleased with you.
You visited 2 branches of the dungeon, and saw 13 of its levels.
You also visited: Ossuary.

You collected 1710 gold pieces.
You spent 976 gold pieces at shops.
You paid 146 gold pieces to Gozag.

Inventory:

Hand Weapons
 a - a +0 war axe
 i - a +4 battleaxe of flaming (weapon)
 r - a +2 quarterstaff of chaos
 G - the +9 long sword "Azoh" {freeze, Int+2 Dex+3}
   (You found it on level 8 of the Dungeon)

   Int:       It affects your intelligence (+2).
   Dex:       It affects your dexterity (+3).
Armour
 b - a +0 scale mail
 c - a +0 buckler
 j - a scarf of repulsion
 s - a +1 cloak (worn)
 z - a +0 tower shield (worn)
 A - a +0 chain mail
 M - a +1 plate armour of willpower (worn)
 O - a +2 pair of boots (worn)
Jewellery
 e - an amulet of magic regeneration
 k - a ring of ice
 o - an amulet of faith
 t - a ring of protection from fire
 D - an amulet of reflection (around neck)
 K - an amulet of guardian spirit
Wands
 y - a wand of charming (10)
 C - a wand of digging (18)
 I - a wand of acid (9)
 J - a wand of flame (19)
Scrolls
 h - 9 scrolls of identify
 p - 3 scrolls of poison
 q - 2 scrolls of immolation
 u - 6 scrolls of teleportation
 E - 2 scrolls of noise
 H - a scroll of fear
 N - a scroll of torment {unknown}
Potions
 d - 2 potions of might
 f - 2 potions of attraction {unknown}
 g - 8 potions of heal wounds
 l - 4 potions of haste {unknown}
 m - 5 potions of mutation {unknown}
 n - 11 potions of curing
 v - a potion of resistance {unknown}
 w - a potion of ambrosia {unknown}
 x - a potion of cancellation {unknown}
 B - 4 potions of flight {unknown}
 L - 2 potions of lignification {unknown}
Miscellaneous
 Q - a piece from Xom's chessboard (15/15)


   Skills:
 * Level 8.3 Fighting
 * Level 4.2 Long Blades
 * Level 12.7 Axes
 * Level 8.8 Armour
 * Level 11.2 Shields


You had 11 spell levels left.
You didn't know any spells.
Your spell library contained the following spells:

 Spells                   Type           Power      Damage    Failure   Level
 Sandblast                Erth           0%         2d4       100%        1
 Summon Small Mammal      Summ           0%         N/A       100%        1
 Cigotuvi's Dreadful Rot  Necr/Pois/Air  0%         N/A       100%        2
 Lesser Beckoning         Tloc           0%         N/A       100%        2
 Poisonous Vapours        Pois/Air       0%         N/A       100%        2
 Call Canine Familiar     Summ           0%         N/A       100%        3
 Gell's Gravitas          Tloc           0%         N/A       100%        3
 Summon Guardian Golem    Hex/Summ       0%         N/A       100%        3
 Teleport Other           Tloc           0%         N/A       100%        3
 Dispel Undead            Necr           0%         3d6       100%        4
 Olgreb's Toxic Radiance  Pois           0%         N/A       100%        4
 Borgnjor's Vile Clutch   Necr/Erth      0%         N/A       100%        5
 Death Channel            Necr           0%         N/A       100%        6


Dungeon Overview and Level Annotations

Branches:
Dungeon (12/15)            Temple (1/1) D:7            Lair (0/5) D:10
    Orc (0/2) D:11        Ossuary (visited)

Altars:
Ashenzari
Cheibriados
Dithmenos
Elyvilon
Fedhas
Gozag
Hepliaklqana
Kikubaaqudgha
Makhleb
Nemelex Xobeh
Okawaru
Qazlal
Ru
Sif Muna
Trog
Uskayaw
Vehumet
Wu Jian
Xom
Yredelemnul
Zin
The Shining One

Shops:
D:4 [   D:6 *   D:8 (

Portals:
Abyss: D:4

Annotations:
D:4 2 transporters, superbruh's ghost, amateur DsMo


Innate Abilities, Weirdness & Mutations

You cannot be hasted, slowed, berserked, paralysed or teleported.
You can dig through walls and to a lower floor.
You have a pair of large antennae on your head. (SInv)
Your four strong arms can wield two-handed weapons with a shield.


Message History

The vampire mosquito draws strength from your injuries!
The boulder beetle bites you.
* * * LOW HITPOINT WARNING * * *
You slash the boulder beetle! You burn the boulder beetle.
The boulder beetle is lightly wounded.
You closely miss the vampire mosquito. You hit the vampire mosquito.
You burn the vampire mosquito. You slash the vampire mosquito!
You burn the vampire mosquito.
You block the vampire mosquito's attack. x3
The vampire mosquito bites you.
* * * LOW HITPOINT WARNING * * *
The vampire mosquito draws strength from your injuries!
You block the vampire mosquito's attack.
The vampire mosquito bites you.
* * * LOW HITPOINT WARNING * * *
The vampire mosquito draws strength from your injuries!
The boulder beetle bites you but does no damage.
You hit the boulder beetle but do no damage.
The boulder beetle is lightly wounded.
You completely miss the vampire mosquito.
You closely miss the vampire mosquito. You slash the vampire mosquito!
You burn the vampire mosquito.
You destroy the vampire mosquito!
The vampire mosquito bites you!
* * * LOW HITPOINT WARNING * * *
The vampire mosquito draws strength from your injuries!
You block the vampire mosquito's attack.
The vampire mosquito bites you but does no damage. x2
You block the boulder beetle's attack.
The vampire mosquito is distracted by your dazzling golden aura.
The vampire mosquito buzzes angrily.
You slash the boulder beetle! You burn the boulder beetle.
The boulder beetle is moderately wounded.
You miss the vampire mosquito.
The vampire mosquito is no longer distracted by gold.
You closely miss the vampire mosquito.
You block the vampire mosquito's attack.
The vampire mosquito bites you!
You die...
Your body crumbles into a pile of gold.

.....#.#######+#
.>....#.........##
. #........... ..
#........... ...
#........... .(
#...#'######
###'####...#...
#.....$y...#(....
#....B@y$..#......+
#.#####$...#.....##
#....#<....+
#.$..#..#+## #....#
#...... ........ {
.........
...........


You could see a boulder beetle and 2 vampire mosquitoes.

Vanquished Creatures
  A boulder beetle (D:11)
  2 two-headed ogres (D:11)
  Pikel (D:6)
  An ugly thing (D:9)
  2 manticores
  2 komodo dragons (D:11)
  3 trolls
  A shadow (D:11)
  Sigmund (D:3)
  2 wyverns
  13 yaks
  4 vampire mosquitoes (D:12)
  A steam dragon (D:8)
  Menkaure (D:6)
  3 acid dragons
  2 orc warriors
  2 sky beasts
  2 ice beasts
  4 black bears
  2 centaurs
  3 lemures (D:6)
  4 kobold brigands
  3 bullfrogs
  A gnoll sergeant (D:9)
  4 scorpions
  7 wights
  3 killer bees (D:8)
  9 howler monkeys
  An electric eel (D:10)
  A jelly (D:5)
  3 hounds
  3 orc priests
  Crazy Yiuf (D:4)
  3 iron imps (D:7)
  3 gnoll boudas
  3 iguanas (D:5)
  A sleepcap (D:4)
  Terence (D:3)
  4 orc wizards
  8 mummies (Ossuary)
  20 gnolls
  10 adders
  A white imp (D:5)
  2 ufetubi
  3 dart slugs
  30 orcs
  3 ball pythons
  7 endoplasms
  5 giant cockroaches
  2 gnoll zombies (Ossuary)
  7 hobgoblins
  6 jackals (D:1)
  5 quokkas
  8 bats
  2 frilled lizards
  9 goblins
  3 hobgoblin zombies (Ossuary)
  20 kobolds
  A kobold zombie (Ossuary)
  2 orc zombies (Ossuary)
  7 rats
269 creatures vanquished.

Notes
Turn   | Place    | Note
-------+----------+-------------------------------------------
     0 | D:1      | GigaChad the Formicid Fighter began the quest for the Orb.
     0 | D:1      | Reached XP level 1. HP: 18/18 MP: 1/1
    66 | D:1      | Reached XP level 2. HP: 15/24 MP: 2/2
   258 | D:1      | Reached XP level 3. HP: 29/29 MP: 3/3
   828 | D:2      | Reached XP level 4. HP: 35/37 MP: 4/4
  1428 | D:2      | Reached skill level 3 in Axes
  1672 | D:3      | Noticed Terence
  1675 | D:3      | Found a basalt altar of Yredelemnul.
  1692 | D:3      | Killed Terence
  1693 | D:3      | Reached XP level 5. HP: 29/42 MP: 5/5
  1798 | D:3      | Found a faded altar of an unknown god.
  1799 | D:3      | Noticed Sigmund
  1816 | D:3      | Killed Sigmund
  1817 | D:3      | Reached skill level 4 in Axes
  1817 | D:3      | Reached XP level 6. HP: 35/49 MP: 6/6
  2199 | D:3      | Identified a scroll of acquirement
  2199 | D:3      | Acquired a +2 battleaxe of flaming
  2224 | D:4      | Reached skill level 5 in Shields
  2302 | D:4      | Found Bucrej's Antique Armour Shoppe.
  2437 | D:4      | Got Tupyxzaw's Folio of the Anticline and the Hornet
  2452 | D:4      | Found a transporter.
  2558 | D:4      | Found a transporter.
  2692 | D:4      | Found a runed translucent door.
  2693 | D:4      | Noticed Crazy Yiuf
  2718 | D:4      | Noticed a toenail golem
  2721 | D:4      | Found the +6 shillelagh "Devastator" {shatter}
  2726 | D:4      | Noticed a small abomination
  2735 | D:4      | Found a one-way gate to the infinite horrors of the Abyss.
  2735 | D:4      | Noticed superbruh's ghost (amateur DsMo)
  2754 | D:4      | Noticed a small abomination
  2876 | D:4      | Killed Crazy Yiuf
  2877 | D:4      | Reached XP level 7. HP: 39/55 MP: 7/7
  2970 | D:5      | Entered Level 5 of the Dungeon
  3029 | D:5      | Found a sand-covered staircase.
  3055 | Ossuary  | Entered an ossuary
  3069 | Ossuary  | Reached skill level 5 in Axes
  3470 | D:4      | Bought a tower shield for 144 gold pieces
  3580 | D:5      | Reached skill level 6 in Axes
  3580 | D:5      | Reached skill level 5 in Armour
  3677 | D:5      | Reached XP level 8. HP: 60/61 MP: 8/8
  3713 | D:5      | Reached skill level 5 in Fighting
  3757 | D:5      | Found a shadowy altar of Dithmenos.
  4343 | D:6      | Reached skill level 7 in Axes
  4649 | D:6      | Noticed Menkaure
  4655 | D:6      | Killed Menkaure
  4796 | D:6      | Noticed Pikel
  4803 | D:6      | Killed Pikel
  4804 | D:6      | Reached skill level 8 in Axes
  4804 | D:6      | Reached XP level 9. HP: 44/69 MP: 9/9
  5003 | D:6      | Noticed an angel
  5334 | D:6      | Found Nirghehi's Hallowed Reliquary.
  5404 | D:7      | Found a burning altar of Makhleb.
  5474 | D:7      | Found a staircase to the Ecumenical Temple.
  5505 | Temple   | Entered the Ecumenical Temple
  5515 | Temple   | Became a worshipper of Gozag Ym Sagoz the Greedy
  5553 | D:7      | Reached skill level 9 in Axes
  5898 | D:8      | Noticed a +0 quick blade
  5903 | D:8      | Found Guetheg's Weapon Shop.
  5906 | D:8      | Noticed a +0 lajatang
  5923 | D:8      | Reached XP level 10. HP: 76/77 MP: 10/10
  5953 | D:8      | Identified the +9 long sword "Azoh" {freeze, Int+2 Dex+3}
  6059 | D:8      | Found an iron altar of Okawaru.
  6301 | D:8      | Reached skill level 1 in Long Blades
  6447 | D:8      | Reached skill level 10 in Axes
  6802 | D:9      | Found an ornate altar of the Wu Jian Council.
  6921 | D:9      | Found a blossoming altar of Fedhas.
  7078 | D:9      | Noticed a cyan ugly thing
  7090 | D:9      | Killed a cyan ugly thing
  7580 | D:9      | Reached XP level 11. HP: 59/84 MP: 11/11
  7582 | D:9      | Reached skill level 11 in Axes
  8189 | D:4      | Bought a runed plate armour for 832 gold pieces
  8280 | D:10     | Entered Level 10 of the Dungeon
  8330 | D:10     | Found a staircase to the Lair.
  8339 | D:10     | Reached skill level 10 in Shields
  8804 | D:10     | Found a glowing golden altar of the Shining One.
  8930 | D:11     | Noticed a boulder beetle
  8954 | D:11     | Killed a boulder beetle
  9049 | D:11     | Noticed a manticore
  9056 | D:11     | Killed a manticore
  9118 | D:11     | Noticed a two-headed ogre
  9126 | D:11     | Killed a two-headed ogre
  9127 | D:11     | Reached skill level 12 in Axes
  9224 | D:11     | Found a blossoming altar of Fedhas.
  9270 | D:11     | Noticed a two-headed ogre
  9277 | D:11     | Killed a two-headed ogre
  9542 | D:11     | Found a staircase to the Orcish Mines.
 10132 | D:12     | Noticed a manticore
 10133 | D:12     | Reached XP level 12. HP: 93/93 MP: 12/12
 10144 | D:12     | Noticed a boulder beetle
 10157 | D:12     | Slain by a vampire mosquito

Illustrated notes

Levels and vault maps discovered:
D:1:      onia_arrival_mini_spirals, layout_basic
D:2:      layout_loops_ring, kennysheep_generic_room_14
D:3:      layout_basic, yredelemnul_altar_generic,
          chequers_ecumenical_altar_island, palyth_stone_intersect,
          uniq_sigmund, uniq_terence
D:4:      layout_cave_pools, serial_shops, shop, gammafunk_ghost_abyssal_escape,
          minmay_strange_pillars, wad_rectangle_vault, uniq_crazy_yiuf_cottage
D:5:      layout_basic, mainiacjoe_overflow_chevrons,
          nicolae_ossuary_entry_plus, minmay_between
D:6:      layout_rooms, nicolae_good_shop, uniq_menkaure, uniq_pikel
D:7:      layout_basic, demons_altar, minmay_temple_entry_butterflies
D:8:      layout_loops_cross, okawaru_metal_pillars_1_2, serial_shops,
          nicolae_shop_mannequins
D:9:      layout_small_grid, mainiacjoe_overflow_swirl, kennysheep_pointless_box
D:10:     layout_rooms, mainiacjoe_overflow_alcove_2, david_lair_generic,
          minivault_4
D:11:     layout_basic, orc_0_dummy, fedhas_altar_4
D:12:     layout_irregular_city, uniq_maurice
Temple:   nicolae_temple_no_exploring_needed

Skill      XL: |  1  2  3  4  5  6  7  8  9 10 11 |
---------------+----------------------------------+-----
Axes           | 3 4 6 8 9 10 12 | 12.7
Fighting       | 4 5 6 7 8 |  8.3
Armour         | 4 5 6 7 8 |  8.8
Shields        | 5 7 8 9 11 | 11.2
Long Blades    | 2 4 |  4.2

Action                     |  1- 3 |  4- 6 |  7- 9 | 10-12 || total
---------------------------+-------+-------+-------+-------++-------
  Melee: War axe           |    81 |   101 |       |       ||   182
         Battleaxe         |       |    31 |   190 |   240 ||   461
Ability: Dig               |       |       |     1 |       ||     1
    Use: Scroll            |     1 |     3 |     7 |     4 ||    15
   Stab: Distracted        |       |       |       |     1 ||     1
 Armour: Scale mail        |    38 |    58 |    17 |       ||   113
         Chain mail        |       |       |    80 |    58 ||   138
         Plate armour      |       |       |       |    38 ||    38
  Dodge: Dodged            |    57 |    63 |    44 |    32 ||   196
         Repelled          |       |     2 |       |       ||     2
  Block: Buckler           |    22 |    28 |     3 |       ||    53
         Tower shield      |       |       |   184 |   284 ||   468
         Reflection        |       |       |       |     3 ||     3
